 Dungeon Crawl Stone Soup version 0.20.1-1-g8b1a95d (webtiles) character file.

77 equalderp2856 the Shield-Bearer (level 4, -5/40 HPs)
             Began as a Minotaur Fighter on Aug 16, 2017.
             Killed by divine providence
             ... invoked by an orc priest
              (16 damage)
             ... on level 3 of the Dungeon.
             The game lasted 00:02:42 (2063 turns).

equalderp2856 the Shield-Bearer (Minotaur Fighter)  Turns: 2063, Time: 00:02:43

Health: -5/40      AC:  7    Str: 21    XL:     4   Next: 14%
Magic:  3/3        EV:  8    Int:  5    God:
Gold:   89         SH:  9    Dex: 10    Spells: 2/3 levels left

rFire    . . .     SeeInvis .   a - +0 war axe
rCold    . . .     Gourm    .   c - +0 shield
rNeg     . . .     Faith    .   b - +0 scale mail
rPois    .         Spirit   .   (helmet restricted)
rElec    .         Reflect  .   (no cloak)
rCorr    .         Harm     .   (no gloves)
MR       .....                  (no boots)
Stlth    ..........             (no amulet)
Regen    0.2/turn               (no ring)
MPRegen  0.1/turn               (no ring)

@: no status effects
A: retaliatory headbutt, horns 2
a: no special abilities


You were on level 3 of the Dungeon.
You were near starving.

You visited 1 branch of the dungeon, and saw 3 of its levels.

You collected 89 gold pieces.

Inventory:

Hand Weapons
 a - a +0 war axe (weapon)
Missiles
 o - 135 stones (quivered)
 p - 25 arrows
 v - 14 poisoned needles
 y - 17 bolts
Armour
 b - a +0 scale mail (worn)
 c - a +0 shield (worn)
 q - a cursed +0 ring mail
Jewellery
 i - a cursed amulet of inaccuracy {unknown}
 s - a +3 ring of strength {unknown}
Wands
 A - a wand of polymorph (12/24)
Scrolls
 h - 3 scrolls of identify {unknown}
 j - a scroll of random uselessness {unknown}
 k - 2 scrolls of remove curse {unknown}
 m - a scroll of enchant weapon {unknown}
 n - a scroll of immolation {unknown}
 x - a scroll of fear {unknown}
Potions
 d - a potion of might
 e - 2 potions of brilliance {unknown}
 l - a potion of invisibility {unknown}
 r - a potion of degeneration {unknown}
 t - a potion of agility {unknown}
 u - a potion of resistance {unknown}
 w - a potion of haste {unknown}
 z - a potion of cancellation {unknown}
Books
 B - a book of Misfortune

   Spells                             Type                      Level
   a - Confusing Touch                Hexes                        1
   b - Confuse                        Hexes                        3
   c - Gell's Gravitas                Translocation                3
   d - Petrify                        Transmutation/Earth          4
   e - Metabolic Englaciation         Hexes/Ice                    5
   f - Yara's Violent Unravelling     Hexes/Transmutation          5
Comestibles
 f - 6 bread rations
 g - 2 fruits
 C - a royal jelly


   Skills:
 + Level 4.1 Fighting
 + Level 3.5 Axes
 + Level 4.2 Armour
 + Level 0.9 Dodging
 + Level 4.3 Shields


You had 2 spell levels left.
You knew the following spells:

 Your Spells              Type           Power        Failure   Level  Hunger
a - Confusing Touch       Hex            #.....       99%         1    ##.....


Dungeon Overview and Level Annotations

Branches:
Dungeon (3/15)

Altars:


Innate Abilities, Weirdness & Mutations

You reflexively headbutt those who attack you in melee.
You have a pair of horns on your head.


Message History

You slash the orc priest! You headbutt the orc priest.
The orc priest is almost dead.
The orc priest miscasts a cantrip.
You slice the orc!!
You kill the orc!
The orc priest miscasts a cantrip.
The orc priest mumbles some strange prayers to Beogh against you.
Beogh smites you!
The orc priest calls down the wrath of Beogh upon you.
Pain shoots through your body!
* * * LOW HITPOINT WARNING * * *
Things that are here:
a hand axe; a leather armour You are too injured to fight recklessly!
Unknown command.
You closely miss the orc priest.
The orc priest is almost dead.
The orc priest mumbles some strange prayers to Beogh against you.
Beogh smites you!
You die...

###########################
...........................
...........#####...########
...#######.######### #..#
#..........# #..#
#.######)#.## #...
#...o@....# #≈..
#######..## ###≈≈. #..#
#≈≈≈≈. #..## #≈#≈≈. #...#
§≈##≈.. ...# ### #... #..#
#... #..#########..#
#.#..............


You could see an orc priest.

Vanquished Creatures
  3 adders
  2 worms
  A dart slug (D:2)
  A leopard gecko (D:1)
  2 orcs (D:3)
  2 giant cockroaches
  3 goblins
  7 hobgoblins
  3 jackals (D:1)
  4 kobolds
  3 bats
  5 frilled lizards
  6 rats
42 creatures vanquished.

Notes
Turn   | Place    | Note
-------+----------+-------------------------------------------
     0 | D:1      | equalderp2856 the Minotaur Fighter began the quest for the Orb.
     0 | D:1      | Reached XP level 1. HP: 19/19 MP: 0/0
   360 | D:1      | Reached XP level 2. HP: 16/27 MP: 1/1
   744 | D:2      | Reached XP level 3. HP: 26/33 MP: 2/2
  1935 | D:3      | Reached XP level 4. HP: 40/40 MP: 3/3
  1938 | D:3      | Learned a level 1 spell: Confusing Touch
  2063 | D:3      | Killed from afar by an orc priest

Skill      XL: |  1  2  3 |
---------------+----------+-----
Shields        | 4 |  4.3
Fighting       | 4 |  4.1
Armour         | 4 |  4.2
Axes           | 3 |  3.5
Dodging        | |  0.9

Action                   |  1- 3 |  4- 6 || total
-------------------------+-------+-------++-------
Melee: War axe           |   102 |    12 ||   114
       Headbutt          |     9 |     3 ||    12
  Eat: Chunk             |     2 |       ||     2
Armor: Scale mail        |    43 |     3 ||    46
Dodge: Dodged            |    23 |     2 ||    25
Block: Shield            |    50 |     5 ||    55
